 Dungeon Crawl Stone Soup version 0.22-a0-410-g97be04f (webtiles) character file.

1254 wazuzu the Grappler (level 8, 0/68 HPs)
             Began as a Centaur Transmuter on May 11, 2018.
             Slain by Prince Ribbit (7 damage)
             ... on level 5 of the Dungeon.
             The game lasted 00:11:57 (5251 turns).

wazuzu the Grappler (Centaur Transmuter)            Turns: 5251, Time: 00:11:57

Health: 0/68       AC:  5    Str: 14    XL:     8   Next: 26%
Magic:  10/10      EV: 10    Int: 12    God:
Gold:   175        SH:  0    Dex: 11    Spells: 9/10 levels left

rFire    . . .     SeeInvis .     - Unarmed
rCold    . . .     Gourm    .   (no shield)
rNeg     + . .     Faith    .   t - +0 robe {rN+}
rPois    .         Spirit   .   l - +0 helmet
rElec    .         Reflect  .   (no cloak)
rCorr    .         Harm     .   (no gloves)
MR       .....                  (no barding)
Stlth    +.........             (no amulet)
HPRegen  0.21/turn              (no ring)
MPRegen  0.12/turn              (no ring)

@: very quick
A: large, hooves 3, deformed body, speed 2, tough skin 3
a: no special abilities


You were on level 5 of the Dungeon.
You were not hungry.

You visited 1 branch of the dungeon, and saw 5 of its levels.

You collected 220 gold pieces.
You spent 45 gold pieces at shops.

Inventory:

Missiles
 a - 47 arrows
Armour
 l - a +0 helmet (worn)
 t - a +0 robe of positive energy (worn)
Magical Staves
 b - an uncursed staff of energy {unknown}
Scrolls
 f - a scroll of fear
 g - a scroll of amnesia {unknown}
 h - 9 scrolls of identify
 i - 2 scrolls of remove curse
 o - 2 scrolls of teleportation
 p - a scroll of magic mapping
 s - a scroll of immolation {unknown}
 u - a scroll of fog
Potions
 c - 2 potions of might {unknown}
 e - 2 potions of lignification
 j - 2 potions of curing
 k - a potion of flight {unknown}
 n - 2 potions of ambrosia {unknown}
 r - a potion of invisibility {unknown}
Comestibles
 d - 8 rations
 q - 6 chunks of flesh


   Skills:
 - Level 5.0 Fighting
 - Level 1.3 Dodging
 * Level 9.2 Unarmed Combat
 - Level 1.5 Spellcasting
 - Level 1.7 Transmutations


You had 9 spell levels left.
You knew the following spells:

 Your Spells              Type           Power        Failure   Level  Hunger
a - Beastly Appendage     Tmut           #.....       14%         1    ##.....


Dungeon Overview and Level Annotations

Branches:
Dungeon (5/15)
 Temple: D:4-7

Altars:
Hepliaklqana
Okawaru
Ru
Sif Muna
Zin

Shops:
D:4 *%

Annotations:
D:5 Prince Ribbit


Innate Abilities, Weirdness & Mutations

You have hooves in place of feet.
Armour fits poorly on your strangely shaped body.
You cover ground very quickly.
You have extremely tough skin. (AC +3)


Message History

The burst of metal fragments hits Prince Ribbit.
Prince Ribbit is severely wounded.
The now-empty wand crumbles to dust.
Prince Ribbit hits you.
* * * LOW HITPOINT WARNING * * *
Prince Ribbit hits you.
* * * LOW HITPOINT WARNING * * *
You miss Prince Ribbit.
Prince Ribbit is severely wounded.
Prince Ribbit barely misses you.
You closely miss Prince Ribbit.
Prince Ribbit is severely wounded.
Prince Ribbit closely misses you.
You hit Prince Ribbit.
Prince Ribbit is severely wounded.
Prince Ribbit hits you!
* * * LOW HITPOINT WARNING * * *
You feel better.
Prince Ribbit lets out a mournful croak.
Prince Ribbit hits you!
You die...

#.## ###### #..# ##.#
######.# ##
....##.######## ..#
....##........# ....
....####.(....# ....#
.....###......#####.....#
................@F......#
....####......#####.....#
....# #..[...# ....#
....# ######## ยง..#
##### ###


You could see Prince Ribbit.

Vanquished Creatures
  The ghost of p0werm0de the Chopper, a novice VSFi (D:4)
  Edmund (D:5)
  A sky beast (D:5)
  An ogre (D:4)
  2 scorpions (D:4)
  A bullfrog zombie (D:5)
  2 orc priests (D:4)
  Ijyb (D:3)
  An iguana (D:5)
  7 orc wizards
  Natasha (thrice) (D:4)
  2 worker ants
  Robin (D:2)
  A howler monkey zombie (D:5)
  An adder (D:4)
  A shadow imp (D:5)
  An adder skeleton (D:4)
  4 worms
  3 dart slugs (D:2)
  2 leopard geckos
  18 orcs
  11 bats
  6 giant cockroaches
  19 goblins
  3 hobgoblins (D:2)
  10 jackals
  6 kobolds
  2 quokkas (D:3)
  A ball python (D:5)
  6 frilled lizards
  6 rats
125 creatures vanquished.

Notes
Turn   | Place    | Note
-------+----------+-------------------------------------------
     0 | D:1      | wazuzu the Centaur Transmuter began the quest for the Orb.
     0 | D:1      | Reached XP level 1. HP: 16/16 MP: 3/3
   118 | D:1      | Reached XP level 2. HP: 22/23 MP: 4/4
   760 | D:2      | Found a hazy altar of Hepliaklqana.
   929 | D:2      | Reached XP level 3. HP: 28/29 MP: 5/5
  1066 | D:2      | Noticed Robin
  1081 | D:2      | Reached skill level 4 in Unarmed Combat
  1880 | D:2      | Found a faded altar of an unknown god.
  2088 | D:2      | Killed Robin
  2088 | D:2      | Reached XP level 4. HP: 25/36 MP: 2/6
  2612 | D:3      | Noticed Ijyb
  2628 | D:3      | Killed Ijyb
  2862 | D:3      | Found a sacrificial altar of Ru.
  3072 | D:4      | Found Feydiwif's Assorted Antiques.
  3180 | D:4      | Bought a scroll labeled ASOVUA ACWIS for 24 gold pieces
  3180 | D:4      | Bought a bubbling emerald potion for 21 gold pieces
  3199 | D:4      | Noticed an ogre
  3246 | D:4      | Reached skill level 5 in Unarmed Combat
  3260 | D:4      | Noticed p0werm0de's ghost (novice VSFi)
  3268 | D:3      | Reached XP level 5. HP: 18/44 MP: 7/7
  3514 | D:4      | Killed an ogre
  3552 | D:4      | Reached XP level 6. HP: 51/51 MP: 8/8
  3576 | D:4      | Killed p0werm0de's ghost
  3576 | D:4      | Reached skill level 6 in Unarmed Combat
  3609 | D:4      | Reached XP level 7. HP: 59/59 MP: 9/9
  3677 | D:4      | Reached skill level 7 in Unarmed Combat
  3730 | D:4      | Found Omugun's Food Shoppe.
  4316 | D:4      | Noticed Natasha
  4327 | D:4      | Killed Natasha
  4467 | D:4      | Noticed Natasha
  4474 | D:4      | Killed Natasha
  4474 | D:4      | Reached skill level 5 in Fighting
  4479 | D:4      | Noticed Natasha
  4491 | D:4      | Killed Natasha
  4714 | D:5      | Entered Level 5 of the Dungeon
  4716 | D:5      | Noticed Edmund
  4722 | D:5      | Killed Edmund
  4722 | D:5      | Reached skill level 8 in Unarmed Combat
  4722 | D:5      | Reached XP level 8. HP: 68/68 MP: 10/10
  4904 | D:5      | Found a glowing silver altar of Zin.
  4905 | D:5      | Found an iron altar of Okawaru.
  4930 | D:5      | Found a deep blue altar of Sif Muna.
  5178 | D:5      | Reached skill level 9 in Unarmed Combat
  5238 | D:5      | Noticed Prince Ribbit
  5250 | D:5      | HP: 2/68 [Prince Ribbit (8)]
  5251 | D:5      | Slain by Prince Ribbit

Vault maps used:
D:1:      elethiomel_arrival_infinity_welcomes_careful_drivers
D:2:      nicolae_overflow_hidden_temple, chequers_ecumenical_altar_island,
          minmay_box_of_dots, uniq_robin
D:3:      nicolae_ru_sacrificial_ziggurat, first_ration, uniq_ijyb
D:4:      serial_shops, shop, nicolae_shop_trees, uniq_natasha
D:5:      led_sif_book, gammafunk_temple_overflow_statue,
          kennysheep_small_circle, uniq_edmund, uniq_duvessa,
          uniq_prince_ribbit1

Skill      XL: |  1  2  3  4  5  6  7  8 |
---------------+-------------------------+-----
Unarmed Combat | 4 5 6 8 9 |  9.2
Fighting       | 2 3 4 5 |  5.0
Dodging        | |  1.3
Spellcasting   | |  1.5
Transmutations | |  1.7

Action                   |  1- 3 |  4- 6 |  7- 9 || total
-------------------------+-------+-------+-------++-------
Melee: Unarmed           |   162 |    96 |   136 ||   394
       Kick              |    26 |    13 |    28 ||    67
       Punch             |     1 |     3 |     2 ||     6
       Headbutt          |     1 |       |       ||     1
 Cast: Beastly Appendage |     2 |       |       ||     2
Evoke: Wand              |       |     9 |     3 ||    12
  Use: Scroll            |       |     2 |    10 ||    12
       Potion            |       |     1 |     3 ||     4
  Eat: Chunk             |     3 |     4 |     1 ||     8
       Ration            |       |       |     1 ||     1
Armor: Robe              |    80 |    32 |    16 ||   128
       Skin              |       |    16 |    15 ||    31
Dodge: Dodged            |    78 |    35 |    31 ||   144

Table legend:
 A = Spawn XP
 B = Non-spawn XP
 C = Spawn XP percentage of total XP
 D = Spawn monster count
 E = Non-spawn monster count
 F = Spawn count percentage of total count
 G = Total turns spent on level
                    A         B        C        D         E        F      G
               +---------+---------+-------+---------+---------+-------+---------
         Total |       0 |    1792 |   0.0 |       0 |     125 |   0.0 |  5251
               +---------+---------+-------+---------+---------+-------+---------
           D:1 |       0 |      30 |   0.0 |       0 |      17 |   0.0 |  1262
           D:2 |       0 |      99 |   0.0 |       0 |      46 |   0.0 |  1188
           D:3 |       0 |      81 |   0.0 |       0 |       9 |   0.0 |   903
           D:4 |       0 |    1059 |   0.0 |       0 |      40 |   0.0 |  1361
           D:5 |       0 |     523 |   0.0 |       0 |      13 |   0.0 |   537
               +---------+---------+-------+---------+---------+-------+---------
